 Dungeon Crawl Stone Soup version 0.29-a0-352-g0917bc69df (webtiles) character file.

Game seed: 17998229169414988202

12 Morbidden the Shield-Bearer (level 2, 23/25 HPs)
             Began as a Demigod Fighter on Apr 24, 2022.
             Quit the game on level 1 of the Dungeon.
             The game lasted 00:00:10 (231 turns).

Morbidden the Shield-Bearer (Demigod Fighter)        Turns: 231, Time: 00:00:10

Health: 23/25      AC:  6    Str: 17    XL:     2   Next: 9%
Magic:  4/4        EV:  9    Int: 10    God:
Gold:   0          SH:  4    Dex: 13    Spells: 1/1 levels left

rFire   . . .      SeeInvis .   a - +0 war axe
rCold   . . .      Faith    .   c - +0 buckler
rNeg    . . .      Spirit   .   b - +0 scale mail
rPois   .          Reflect  .   (no helmet)
rElec   .          Harm     .   (no cloak)
rCorr   .          Rampage  .   (no gloves)
Will    .....                   (no boots)
Stlth   ..........              (no amulet)
HPRegen 0.08/turn               (no ring)
MPRegen 0.09/turn               (no ring)

@: no status effects
A: high MP 1, forlorn, divine attributes
a: no special abilities


You were on level 1 of the Dungeon.
You visited 1 branch of the dungeon, and saw 1 of its levels.

Inventory:

Hand Weapons
 a - a +0 war axe (weapon)
Armour
 b - a +0 scale mail (worn)
 c - a +0 buckler (worn)
Scrolls
 e - a scroll of teleportation {unknown}
Potions
 d - a potion of might


   Skills:
 + Level 2.8 Fighting
 + Level 2.0 Axes
 + Level 2.9 Armour
 + Level 2.9 Shields


You had one spell level left.
You didn't know any spells.
Your spell library was empty.

Dungeon Overview and Level Annotations

Branches:
Dungeon (1/15)


Innate Abilities, Weirdness & Mutations

You have an increased reservoir of magic. (+10% MP)
You shall have no god before yourself.
Your divine heritage dramatically boosts your attributes as you level up.


Message History

A jackal comes into view.
The jackal barks!
A jackal comes into view. x2
The jackal barks!
Unknown command.
There are monsters nearby!
You hit the jackal but do no damage. You block the jackal's attack.
The jackal bites you but does no damage.
Unknown command.
There are monsters nearby!
You hit the jackal.
The jackal is lightly wounded.
You slash the jackal!
You kill the jackal!
The jackal bites you but does no damage.
The jackal bites you. The jackal closely misses you.
You have reached level 2!
There are monsters nearby!
You barely miss the jackal. You hit the jackal. The jackal closely misses you.
The jackal bites you. The jackal barely misses you.
You block the jackal's attack.
Unknown command.
Unknown command.
You completely miss the jackal.
The jackal is almost dead.
You closely miss the jackal.
The jackal bites you but does no damage.
The jackal closely misses you. You block the jackal's attack. x2
There are monsters nearby!
You slash the jackal!
You kill the jackal!
You hit the jackal.
The jackal bites you but does no damage.
The jackal closely misses you.
A jackal is nearby!
You barely miss the jackal.
The jackal is severely wounded.
The jackal barely misses you. You block the jackal's attack.
Unknown command.
Are you sure you want to abandon this character and quit the game? (Confirm with "yes".)

....## #.#.# ....# #.#.#
###.# #.#.# ## )...#
#.#.## #. ##..#####....#
. .............### .#
.#.#######...#.###.##.##
.#.# ####.#.#....... ..#
#.###@h...... .### #.#
##..#.... ## #.# #.... .
## .#### . .# #


You could see a jackal.

Vanquished Creatures
  An endoplasm (D:1)
  3 goblins (D:1)
  3 hobgoblins (D:1)
  2 jackals (D:1)
  A kobold (D:1)
10 creatures vanquished.

Notes
Turn   | Place    | Note
-------+----------+-------------------------------------------
     0 | D:1      | Morbidden the Demigod Fighter began the quest for the Orb.
     0 | D:1      | Reached XP level 1. HP: 18/18 MP: 3/3
   227 | D:1      | Reached XP level 2. HP: 23/25 MP: 4/4
   231 | D:1      | Quit the game

Illustrated notes

Levels and vault maps discovered:
D:1:      dpeg_arrival_morbid_curiosity, layout_loops_cross,
          hellmonk_ecumenical_altar_zigzags, minmay_stone_trees_small

Skill      XL: |  1 |
---------------+----+-----
Axes           | 2 |  2.0
Fighting       | |  2.8
Armour         | |  2.9
Shields        | |  2.9

Action                   || total
-------------------------++-------
Melee: War axe           ||    24
Armor: Scale mail        ||    13
Dodge: Dodged            ||    16
Block: Buckler           ||     8

Table legend: (Time is in decaauts)
 A = Elapsed time spent in this place.
 B = Non-inter-level travel time spent in this place.
 C = Inter-level travel time spent in this place.
 D = Time resting spent in this place.
 E = Time spent auto-exploring this place.
 F = Levels seen in this place.
 G = Mean time per level.
                   A        B        C        D        E       F      G
               +--------+--------+--------+--------+--------+-----+--------+
         Total |    241 |    241 |      0 |      0 |    184 |   1 |  241.0 |
       Dungeon |    241 |    241 |      0 |      0 |    184 |   1 |  241.0 |
               +--------+--------+--------+--------+--------+-----+--------+

Top non-repeatable levels by time:
     D:1: 241 daAuts
